 Dungeon Crawl Stone Soup version 0.30-a0-219-gf2db51d15e (webtiles) character file.

Game seed: 899160811752897152

258814 RepoMan the Marksmummy (level 19, -4/164 HPs)
             Began as a Mummy Hunter on Oct 4, 2022.
             Was a High Priest of Fedhas.
             Slain by a deep elf knight
             ... wielding a +0 scimitar
              (12 damage)
             ... on level 2 of the Elven Halls on Oct 6, 2022.
             The game lasted 05:51:15 (38153 turns).

RepoMan the Marksmummy (Mummy Hunter)              Turns: 38153, Time: 05:51:15

Health: -4/164     AC:  8    Str: 15    XL:     19   Next: 13%
Magic:  25/29      EV: 25    Int: 12    God:    Fedhas [*****.]
Gold:   1834       SH:  5    Dex: 21    Spells: 18/18 levels left

rFire   . . .      SeeInvis .    c - +2 arbalest (freeze)
rCold   + + .      Faith    +    (shield currently unavailable)
rNeg    + + +      Spirit   .    z - +0 troll leather armour
rPois   ∞          Reflect  +    N - +1 helmet
rElec   .          Harm     .    t - scarf {rC+ rF+}
rCorr   .          Rampage  .    g - +0 pair of gloves "Ylihur" {Int+2}
Will    +++..                    G - +0 pair of boots
Stlth   ++++......               a - amulet "Ciomeudo" {Reflect SH+5 Stlth+}
HPRegen 1.27/turn                d - +4 ring of evasion
MPRegen 0.21/turn                q - ring of willpower

@: no status effects
A: cold resistance 1, negative energy resistance 3, torment resistance 2, heat
vulnerability 1, in touch with death 2, no potions, faith
}: 2/15 runes: decaying, serpentine
a: Renounce Religion, Wall of Briars, Grow Ballistomycete, Overgrow, Grow Oklob


You were on level 2 of the Elven Halls.
You worshipped Fedhas.
Fedhas was extremely pleased with you.
You visited 7 branches of the dungeon, and saw 33 of its levels.
You also visited: Gauntlet.

You collected 3438 gold pieces.
You spent 1604 gold pieces at shops.

Inventory:

Hand Weapons
 c - a +2 arbalest of freezing (weapon)
 f - a +2 longbow of flaming
 k - the +10 great sword of Afoi {drain, rElec}
   (You found it on level 2 of the Swamp)

   A truly terrible weapon, it drains the life of any living foe it strikes.
   rElec:     It insulates you from electricity.
Missiles
 n - 8 silver javelins
 w - 6 curare-tipped darts
Armour
 g - the +0 pair of gloves "Ylihur" (worn) {Int+2}
   (You found it on level 1 of the Swamp)

   Int:       It affects your intelligence (+2).
 t - a scarf of resistance (worn)
 y - the +4 ring mail of the Abyss {rC+ rN+ Int+4}
   (You found it on level 4 of the Lair of Beasts)

   Int:       It affects your intelligence (+4).
   rC:        It protects you from cold.
   rN:        It protects you from negative energy.
 z - a +0 troll leather armour (worn)
 G - a +0 pair of boots (worn)
 M - a +0 cloak of preservation
 N - a +1 helmet (worn)
Jewellery
 a - the amulet "Ciomeudo" (around neck) {Reflect SH+5 Stlth+}
   (You found it on level 1 of the Lair of Beasts)

   [amulet of reflection]

   It reflects blocked missile attacks.
   SH:        It affects your SH (+5).
   Stlth:     It makes you more stealthy.
 d - a +4 ring of evasion (left hand)
 e - a ring of resist corrosion
 j - an amulet of magic regeneration
 q - a ring of willpower (right hand)
 r - a ring of fire
 A - a ring of fire
 F - a +4 ring of protection
 I - the ring of Vuniuzen {Fly rPois Int+4 SInv}
   (You found it in a Gauntlet)

   [ring of see invisible]

   Int:       It affects your intelligence (+4).
   rPois:     It protects you from poison.
   SInv:      It lets you see invisible.
   Fly:       It grants you flight.
 V - a ring of willpower
Wands
 i - a wand of iceblast (9)
 o - a wand of polymorph (1)
 p - a wand of digging (12)
 s - a wand of flame (30)
 E - a wand of paralysis (26)
 K - a wand of quicksilver (5)
 Y - a wand of mindburst (8)
Scrolls
 h - 5 scrolls of noise
 l - 8 scrolls of magic mapping
 m - 4 scrolls of fear
 B - 2 scrolls of brand weapon
 C - 5 scrolls of enchant armour
 D - 7 scrolls of teleportation
 P - 5 scrolls of butterflies
 Q - 5 scrolls of vulnerability
 R - 4 scrolls of amnesia
 S - 3 scrolls of poison
 T - 3 scrolls of enchant weapon
 U - 4 scrolls of silence
Miscellaneous
 b - a box of beasts
 u - a phantom mirror
 x - a phial of floods
 H - a tin of tremorstones (2/2)


   Skills:
 + Level 18.4 Fighting
 * Level 19.9 Ranged Weapons
 + Level 13.4 Dodging
 - Level 3.3 Stealth
 + Level 14.3 Invocations


You had 18 spell levels left.
You didn't know any spells.
Your spell library contained the following spells:

 Spells                   Type           Power      Damage    Failure   Level
 Kiss of Death            Conj/Necr      0%         2d5       38%         1
 Summon Small Mammal      Summ           0%         N/A       38%         1
 Blink                    Tloc           0%         N/A       52%         2
 Static Discharge         Conj/Air       0%         2-2/arc   52%         2
 Call Canine Familiar     Summ           0%         N/A       77%         3
 Confusing Touch          Hex            0%         N/A       77%         3
 Ignite Poison            Fire/Tmut/Pois 0%         N/A       77%         3
 Inner Flame              Hex/Fire       0%         N/A       77%         3
 Kindle Blastsparks       Fire/Tloc/Air  0%         2d10      77%         3
 Stone Arrow              Conj/Erth      0%         3d7       77%         3
 Summon Guardian Golem    Hex/Summ       0%         N/A       77%         3
 Tukima's Dance           Hex            0%         N/A       77%         3
 Vhi's Electric Charge    Tloc/Air       0%         N/A       77%         3
 Animate Armour           Summ/Erth      0%         N/A       99%         4
 Cause Fear               Hex            0%         N/A       99%         4
 Dispel Undead            Necr           0%         3d6       99%         4
 Fulminant Prism          Conj/Hex       0%         3d6       99%         4
 Iskenderun's Mystic Bla  Conj/Tloc      0%         2d3       99%         4
 Leda's Liquefaction      Hex/Erth       0%         N/A       99%         4
 Manifold Assault         Tloc           0%         N/A       99%         4
 Passage of Golubria      Tloc           0%         N/A       99%         4
 Sticky Flame             Conj/Fire      0%         2d3       99%         4
 Summon Ice Beast         Ice/Summ       0%         N/A       99%         4
 Arcjolt                  Conj/Air       0%         1d10      100%        5
 Lee's Rapid Deconstruct  Erth           0%         3d5*      100%        5
 Lightning Bolt           Conj/Air       0%         1d11      100%        5
 Silence                  Hex/Air        0%         N/A       100%        5
 Yara's Violent Unravell  Hex/Tmut       0%         3d3       100%        5
 Dispersal                Tloc           0%         N/A       100%        6
 Enfeeble                 Hex            0%         N/A       100%        7
 Malign Gateway           Summ/Tloc      0%         N/A       100%        7
 Summon Hydra             Summ           0%         N/A       100%        7
 Discord                  Hex            0%         N/A       100%        8
 Disjunction              Tloc           0%         N/A       100%        8
 Ignition                 Fire           0%         3d3       100%        8
 Lehudib's Crystal Spear  Conj/Erth      0%         10d2      100%        8
 Maxwell's Capacitive Co  Air            0%         ∞         100%        8
 Dragon's Call            Summ           0%         N/A       100%        9
 Sublimation of Blood     Necr           Unusable   N/A       N/A         2
 Wereblood                Tmut           Unusable   N/A       N/A         2
 Statue Form              Tmut/Erth      Unusable   N/A       N/A         6
 Dragon Form              Tmut           Unusable   N/A       N/A         7
 Storm Form               Tmut/Air       Unusable   N/A       N/A         7

Dungeon Overview and Level Annotations

Branches:
Dungeon (15/15)            Temple (1/1) D:5            Lair (5/5) D:8
  Swamp (4/4) Lair:3        Snake (4/4) Lair:2        Slime (0/5) Lair:5
    Orc (2/2) D:10            Elf (2/3) Orc:2        Vaults (0/5) D:14
 Depths (0/4) D:15        Gauntlet (visited)

Altars:
Ashenzari
Cheibriados
Dithmenos
Fedhas
Gozag
Hepliaklqana
Kikubaaqudgha
Makhleb
Nemelex Xobeh
Okawaru
Qazlal
Ru
Sif Muna
Trog
Uskayaw
Vehumet
Wu Jian
Xom
Yredelemnul
Jiyva

Shops:
D:2 =   D:13 :   D:15 **   Orc:1 :   Orc:2 (?:(   Snake:2 :   Snake:4 ?

Portals:
Trove: D:13 (give +3 fire dragon scales)

Annotations:
D:7 exclusion: 2 downstairs
D:8 Gastronok, Psyche
D:10 exclusion: downstairs
D:13 exclusion: downstairs
Lair:1 1 runed translucent door, exclusion: downstairs
Lair:4 exclusion: downstairs
Snake:3 exclusion: upstairs
Snake:4 1 runed translucent door, jotwebe's ghost, adept DsAr
Orc:1 exclusion: downstairs


Innate Abilities, Weirdness & Mutations

You are immune to poison.
Your flesh is cold resistant. (rC+)
You are immune to negative energy. (rN+++)
You are immune to unholy pain and torment.
You are vulnerable to heat. (rF-)
You are strongly in touch with the powers of death.
You do not drink.
You have a special connection with the divine. (Faith)


Message History

You hear some strange, mumbled words.
The +2 glaive of protection hits your briar patch!!!
Your briar patch is destroyed!
Your briar patch disappears in a puff of smoke!
A briar patch grows up from the ground. x7; Something hits your briar patch!
You shoot a bolt. Fedhas protects your plant from harm.
The bolt barely misses the +2 glaive of protection.
The deep elf zephyrmancer gestures at you while chanting.
The bolt of lightning hits the earth elemental.
The earth elemental completely resists.
The bolt of lightning hits your briar patch!! x3
The bolt of lightning hits you!!
You shoot a bolt. Fedhas protects your plant from harm.
The bolt hits the +2 glaive of protection!
The +2 glaive of protection is severely damaged.
The +2 glaive of protection hits you from afar!!
The +2 glaive of protection closely misses you.
You walk carefully through the plants.
Something closely misses you. Something hits you!!
Deactivating autopickup; reactivate with Ctrl-A.
The earth elemental hits your briar patch!!
The +2 glaive of protection hits you from afar!!
There is a stone staircase leading up here.
Something hits you!!
* * * LOW HITPOINT WARNING * * *
The deep elf zephyrmancer points at you and mumbles some strange words.
The bolt of lightning hits your briar patch.
The bolt of lightning hits your briar patch!!
Your briar patch is destroyed!
Your briar patch disappears in a puff of smoke!
The bolt of lightning hits the +2 glaive of protection.
The +2 glaive of protection completely resists.
The bolt of lightning hits something!!
The bolt of lightning misses you.
The +2 glaive of protection hits you from afar!!
* * * LOW HITPOINT WARNING * * *
Something hits you!
You die...
Fedhas appreciates your contribution to the ecosystem.

#.# ##.## ##'###.##
##...#'##
##....)#####
#.......'(.)
#...)...####
##.......# #####
##'#.....##
###PP@###.###...#+
#.P.P{..'###.....#
#.PPP(..##.......##
#.......##.#.._...#
#...PP§.'.........+
#....EP.####......#
###.PPe## ########
#####.## ##)#


You could see an earth elemental, a deep elf zephyrmancer (ally target) and a +2
glaive of protection (ally target).

Vanquished Creatures
  Jorgrun (Swamp:1)
  Roxanne (Swamp:1)
  A nagaraja (Snake:4)
  2 fenstrider witches (Swamp:3)
  Aizul (Snake:2)
  A frost giant (D:12)
  4 ghouls
  An orc warlord (Elf:1)
  A deep elf demonologist (Elf:1)
  3 eleionomae (Swamp:3)
  A minotaur (Gauntlet)
  4 bunyips
  Josephine (Lair:3)
  Snorg (Lair:3)
  A deep elf death mage (Elf:2)
  A hell beast (Gauntlet)
  2 ghost crabs
  2 salamander tyrants (Snake:4)
  27 hydras
  2 ice dragons (D:15)
  4 ogre magi
  4 centaur warriors
  8 anacondas
  11 two-headed ogres
  8 death yaks
  11 alligators
  5 boulder beetles
  3 dancing weapons
  A deep troll earth mage (Elf:1)
  8 naga warriors
  2 orc high priests (Elf:1)
  A vampire mage (Swamp:2)
  10 deep elf knights
  2 shock serpents
  11 naga sharpshooters
  A fire crab (Lair:3)
  5 skeletal warriors
  5 goliath frogs
  4 salamander mystics (Snake:4)
  2 deep trolls (Elf:1)
  9 spriggan druids
  13 swamp dragons
  12 deep elf archers
  5 sea snakes (Snake:2)
  6 bog bodies
  16 deep elf pyromancers
  11 orc knights
  Pikel (D:4)
  2 lindwurms
  16 deep elf zephyrmancers
  5 naga ritualists
  9 salamanders
  9 orc sorcerers (Orc:2)
  10 mana vipers
  5 cyclopes
  2 ugly things
  7 manticores
  19 elephants
  6 will-o-the-wisps
  3 guardian serpents
  29 black mambas
  2 gargoyles
  21 naga magi
  An unseen horror (D:12)
  An eye of devastation (Lair:5)
  8 spectral spriggans (Swamp:2)
  2 kobold demonologists
  A freezing wraith (Swamp:2)
  12 cane toads
  10 komodo dragons
  2 rime drakes (Lair:3)
  7 trolls
  3 bloated husks
  7 tyrant leeches
  A queen bee (Lair:3)
  3 polar bears
  6 slime creatures
  12 blink frogs
  17 hornets
  Sigmund (D:4)
  A shadow (D:13)
  23 spriggans
  2 water elementals (Elf:2)
  A vampire (D:12)
  54 yaks
  9 wraiths
  A fire elemental (Elf:1)
  3 wyverns
  8 basilisks
  A steam dragon (Lair:3)
  7 vampire mosquitoes
  A warg (D:10)
  A human (shapeshifter) (D:13)
  A hog (shapeshifter) (D:13)
  12 swamp worms
  48 nagas
  An acid dragon (D:14)
  24 water moccasins
  2 hell hounds (Gauntlet)
  5 swamp drakes
  A floating eye (Lair:5)
  16 orc warriors
  An ice beast (D:7)
  12 ogres
  A sky beast (D:7)
  19 wolves
  8 black bears
  8 boggarts
  8 centaurs
  3 phantoms (D:5)
  2 kobold brigands
  9 bullfrogs
  An earth elemental (Elf:2)
  2 scorpions
  A wyvern skeleton (D:5)
  A water moccasin skeleton (D:5)
  2 water moccasin zombies (D:5)
  3 wights (D:8)
  8 killer bees
  An electric eel (Lair:5)
  3 bullfrog zombies (D:5)
  4 howler monkeys
  2 centaur zombies (D:5)
  2 jellies
  2 gnoll boudas
  A hound (D:5)
  20 orc priests
  A bullfrog skeleton (D:5)
  12 iguanas
  30 orc wizards
  12 hell rats
  A hound zombie (D:5)
  A howler monkey zombie (D:5)
  9 gnolls
  3 adders
  12 river rats (D:5)
  2 white imps
  An ufetubus (D:5)
  An adder zombie (D:5)
  3 dart slugs
  73 orcs
  8 endoplasms
  3 giant cockroaches
  3 goblins
  7 hobgoblins
  6 jackals
  12 quokkas
  7 ball pythons
  5 bats
  4 frilled lizards
  15 kobolds
  25 rats
  4 ballistomycete spores
1082 creatures vanquished.

Vanquished Creatures (collateral kills)
  An eleionoma (Swamp:3)
  3 bunyips (Swamp:3)
  2 anacondas
  4 two-headed ogres
  3 dancing weapons (Elf:2)
  2 naga sharpshooters (Snake:4)
  A shock serpent (Snake:2)
  5 deep elf knights
  A sixfirhy (Gauntlet)
  A goliath frog (Swamp:3)
  A fire crab (Lair:3)
  A spriggan druid (Swamp:1)
  A bog body (Swamp:1)
  A harpy (D:10)
  A naga ritualist (Snake:4)
  An orc sorcerer (Orc:1)
  2 mana vipers
  A deep elf zephyrmancer (D:14)
  A manticore (D:12)
  Maurice (D:10)
  3 elephants
  A cane toad (Lair:1)
  4 black mambas
  A komodo dragon (Lair:1)
  A troll (D:10)
  2 polar bears
  A tyrant leech (Swamp:3)
  3 hornets
  A blink frog (Lair:5)
  4 spriggans
  A wraith (Lair:3)
  22 yaks
  A vampire (D:12)
  A wyvern (D:7)
  A neqoxec (Gauntlet)
  3 water moccasins
  A swamp worm (Swamp:3)
  3 swamp drakes
  A black bear (D:8)
  6 orc warriors
  An ice beast (D:6)
  7 wolves
  A lemure (D:4)
  A centaur (D:14)
  A kobold brigand (D:14)
  A gnoll sergeant (D:8)
  A wight (D:8)
  6 killer bees
  An orc wizard (D:10)
  5 gnolls
  3 ufetubi
  6 orcs
  85 ballistomycete spores
214 creatures vanquished.

Vanquished Creatures (others)
  A tentacled monstrosity (Swamp:3)
  A thorn hunter (Swamp:4)
  5 shambling mangroves
  A hydra (Swamp:4)
  2 alligators (Swamp:4)
  A deep elf knight (Elf:2)
  A goliath frog (Swamp:2)
  2 spriggan druids (Swamp:4)
  3 swamp dragons
  A will-o-the-wisp (Swamp:2)
  A freezing wraith (Swamp:2)
  4 bloated husks
  9 hornets
  A vampire mosquito (Swamp:3)
  A swamp worm (Swamp:4)
  4 swamp drakes (Swamp:4)
  A human (D:10)
  A boggart (D:14)
  4 ballistomycete spores
  A bush (Lair:5)
  74 foxfires
  65 fungi
  84 plants
  7 withered plants (D:5)
275 creatures vanquished.

Grand Total: 1571 creatures vanquished

Notes
Turn   | Place    | Note
-------+----------+-------------------------------------------
     0 | D:1      | RepoMan the Mummy Hunter began the quest for the Orb.
     0 | D:1      | Reached XP level 1. HP: 16/16 MP: 1/1
   106 | D:1      | Reached skill level 1 in Stealth
   106 | D:1      | Reached XP level 2. HP: 22/22 MP: 2/2
   666 | D:1      | Gained mutation: You are in touch with the powers of death.
                  | [Mummy growth]
   666 | D:1      | Reached XP level 3. HP: 27/27 MP: 3/3
   759 | D:1      | Reached skill level 4 in Ranged Weapons
   846 | D:2      | Found Uvaerph's Jewellery Boutique.
   966 | D:2      | Found a faded altar of an unknown god.
  1420 | D:2      | Reached XP level 4. HP: 33/33 MP: 4/4
  2283 | D:4      | Reached XP level 5. HP: 25/38 MP: 5/5
  2358 | D:4      | Noticed an orc warrior
  2362 | D:4      | Found a burning altar of Makhleb.
  2363 | D:4      | Found a shimmering altar of Xom.
  2369 | D:4      | Found a basalt altar of Yredelemnul.
  2372 | D:4      | Found a sacrificial altar of Ru.
  2431 | D:4      | Reached skill level 5 in Ranged Weapons
  2581 | D:4      | Noticed Sigmund
  2606 | D:5      | Entered Level 5 of the Dungeon
  2615 | D:5      | Noticed a phantom
  2625 | D:5      | Killed a phantom
  2684 | D:5      | Reached XP level 6. HP: 30/44 MP: 6/6
  2876 | D:5      | Reached skill level 6 in Ranged Weapons
  3077 | D:5      | Reached XP level 7. HP: 50/50 MP: 7/7
  3250 | D:5      | Reached skill level 7 in Ranged Weapons
  3670 | D:6      | Reached XP level 8. HP: 47/56 MP: 8/8
  3976 | D:5      | Reached skill level 8 in Ranged Weapons
  3979 | D:5      | Found a staircase to the Ecumenical Temple.
  4002 | Temple   | Entered the Ecumenical Temple
  4027 | Temple   | Became a worshipper of Fedhas Madash
  4339 | D:5      | Found a snail-covered altar of Cheibriados.
  5168 | D:5      | Reached * piety under Fedhas
  5495 | D:5      | Reached ** piety under Fedhas
  5943 | D:6      | Upgraded the game from 0.30-a0-190-g22c9a3c0ff to
                  | 0.30-a0-218-gedb9141078
  6259 | D:7      | Reached skill level 9 in Ranged Weapons
  6259 | D:7      | Reached skill level 1 in Invocations
  6289 | D:7      | Reached XP level 9. HP: 48/65 MP: 6/9
  6404 | D:7      | Found a sparkling altar of Nemelex Xobeh.
  7723 | D:7      | Reached *** piety under Fedhas
  7966 | D:8      | Noticed Gastronok
  8147 | D:8      | Reached skill level 5 in Fighting
  8147 | D:8      | Noticed a two-headed ogre
  8523 | D:8      | Reached skill level 10 in Ranged Weapons
  8939 | D:8      | Killed a two-headed ogre
  8940 | D:8      | Reached XP level 10. HP: 74/74 MP: 2/12
  9026 | D:8      | Noticed Psyche
  9281 | D:8      | Found a staircase to the Lair.
  9590 | D:9      | Noticed a rust devil
  9918 | D:9      | You fall into a shaft and drop 1 floor!
  9918 | D:10     | Entered Level 10 of the Dungeon
 10132 | D:10     | Noticed a two-headed ogre
 10607 | D:9      | Reached skill level 5 in Dodging
 10797 | D:9      | Reached skill level 11 in Ranged Weapons
 10803 | D:9      | Reached skill level 5 in Invocations
 10829 | D:9      | Noticed a two-headed ogre
 10887 | D:9      | Killed a two-headed ogre
 11056 | D:9      | Reached XP level 11. HP: 83/83 MP: 14/14
 11422 | D:9      | Noticed a two-headed ogre
 11448 | D:9      | Killed a two-headed ogre
 11614 | D:10     | Noticed Maurice
 11637 | D:10     | Killed Maurice
 12379 | D:10     | Found a staircase to the Orcish Mines.
 12493 | D:10     | a steam dragon changed into a harpy
 12493 | D:10     | Noticed a harpy
 12499 | D:10     | Killed a harpy
 12500 | D:10     | Reached skill level 12 in Ranged Weapons
 12503 | D:10     | Found an ancient bone altar of Kikubaaqudgha.
 12672 | D:10     | Killed a two-headed ogre
 12787 | Lair:1   | Entered Level 1 of the Lair of Beasts
 12802 | Lair:1   | Identified the amulet "Ciomeudo" {Reflect SH+5 Stlth+}
 12853 | Lair:1   | Noticed a lindwurm
 13003 | Orc:1    | Entered Level 1 of the Orcish Mines
 13003 | Orc:1    | Noticed an orc sorcerer
 13236 | D:2      | Bought a ring of willpower for 250 gold pieces
 13236 | D:2      | Bought a ring of fire for 250 gold pieces
 13300 | D:4      | Found a broken altar of Ashenzari.
 13322 | D:4      | Noticed Pikel
 13362 | D:4      | Killed Pikel
 13379 | D:4      | Killed Sigmund
 13923 | Lair:1   | Killed a lindwurm
 14101 | Lair:1   | Reached XP level 12. HP: 93/93 MP: 15/17
 14194 | Lair:1   | Found a runed translucent door.
 14994 | Lair:1   | Found the +8 whip "Snakebite" {venom, curare, rPois}
 15090 | Lair:2   | Noticed a four-headed hydra
 15100 | Lair:2   | Killed a four-headed hydra
 15101 | Lair:2   | Reached skill level 13 in Ranged Weapons
 15621 | Lair:2   | Gained mutation: You are strongly in touch with the powers
                  | of death. [Mummy growth]
 15621 | Lair:2   | Reached XP level 13. HP: 64/101 MP: 13/19
 15813 | Lair:2   | Reached **** piety under Fedhas
 15914 | Lair:2   | Found a staircase to the Snake Pit.
 16579 | Lair:3   | Noticed Josephine
 16592 | Lair:3   | Killed Josephine
 16714 | Lair:3   | Noticed Snorg
 16732 | Lair:3   | Killed Snorg
 16860 | Lair:3   | Noticed Nessos
 16863 | Lair:3   | Nessos changed into Nessos the queen bee
 16863 | Lair:3   | Noticed Nessos
 16872 | Lair:3   | Killed Nessos the queen bee
 16873 | Lair:3   | Reached skill level 10 in Fighting
 16933 | Lair:3   | Found a staircase to the Swamp.
 17109 | Lair:3   | Reached skill level 14 in Ranged Weapons
 18063 | Lair:4   | Found a gate leading to a gauntlet.
 18072 | Gauntlet | Entered a Gauntlet
 18072 | Gauntlet | Found a transporter.
 18072 | Gauntlet | Found a transporter.
 18072 | Gauntlet | Found a transporter.
 18073 | Gauntlet | Found a transporter.
 18074 | Gauntlet | Found a transporter.
 18109 | Gauntlet | Found a transporter.
 18112 | Gauntlet | Found a transporter.
 18127 | Gauntlet | Found a transporter.
 18145 | Gauntlet | Found a runed translucent door.
 18146 | Gauntlet | Found a transporter.
 18147 | Gauntlet | Found a runed translucent door.
 18156 | Gauntlet | Found a transporter.
 18159 | Gauntlet | Found a transporter.
 18163 | Gauntlet | Found a runed translucent door.
 18163 | Gauntlet | Found a runed translucent door.
 18168 | Gauntlet | Found a transporter.
 18413 | Gauntlet | Identified the ring of Vuniuzen {Fly rPois Int+4 SInv}
 18526 | Gauntlet | Noticed a minotaur
 18597 | Gauntlet | Killed a minotaur
 18784 | Lair:4   | Reached XP level 14. HP: 111/111 MP: 20/20
 18825 | Lair:4   | Upgraded the game from 0.30-a0-218-gedb9141078 to
                  | 0.30-a0-219-gf2db51d15e
 19138 | Lair:4   | Identified the +4 ring mail of the Abyss {rC+ rN+ Int+4}
 19323 | Lair:5   | Entered Level 5 of the Lair of Beasts
 19490 | Lair:5   | Reached skill level 15 in Ranged Weapons
 19623 | Lair:5   | Found a staircase to the Slime Pits.
 19625 | Lair:5   | Paralysed by a floating eye for 4 turns
 19635 | Lair:5   | Found a viscous altar of Jiyva.
 20588 | Lair:5   | Reached skill level 10 in Invocations
 22105 | Orc:1    | Found Qoetul's Book Boutique.
 22141 | Orc:2    | Entered Level 2 of the Orcish Mines
 22315 | Orc:2    | Reached XP level 15. HP: 122/122 MP: 22/22
 22377 | Orc:2    | Reached ***** piety under Fedhas
 22644 | Orc:2    | Found a staircase to the Elven Halls.
 22814 | Orc:2    | Found Vuatuiff's Antique Weapon Shop.
 22848 | Orc:2    | Reached skill level 10 in Dodging
 22852 | Orc:2    | Found a radiant altar of Vehumet.
 22917 | Orc:2    | Found Moepishre's Book Shop.
 23006 | Orc:2    | Found an ancient bone altar of Kikubaaqudgha.
 23151 | Orc:2    | Found Uxkuej's Magic Scroll Boutique.
 23164 | Orc:2    | Bought a scroll of blinking for 120 gold pieces
 23164 | Orc:2    | Bought a scroll of blinking for 120 gold pieces
 23164 | Orc:2    | Bought a scroll of enchant weapon for 120 gold pieces
 23164 | Orc:2    | Bought a scroll of teleportation for 48 gold pieces
 23164 | Orc:2    | Bought a scroll of teleportation for 48 gold pieces
 23206 | Orc:2    | Found Wingedam's Antique Weapon Boutique.
 23291 | Orc:2    | Bought a scroll of fear for 64 gold pieces
 23291 | Orc:2    | Bought a scroll of silence for 152 gold pieces
 23291 | Orc:2    | Bought a scroll of poison for 64 gold pieces
 23447 | D:12     | Noticed a frost giant
 23457 | D:12     | Killed a frost giant
 23551 | D:12     | Reached skill level 16 in Ranged Weapons
 24832 | D:13     | Found Qiejigh's Book Shoppe.
 25058 | D:13     | Found a portal to a secret trove of treasure.
 25574 | D:14     | Found an iron altar of Okawaru.
 26063 | D:14     | Found a gate to the Vaults.
 26296 | D:14     | Found an ornate altar of the Wu Jian Council.
 26494 | D:15     | Entered Level 15 of the Dungeon
 26576 | D:15     | Found Xuir's Specific Store.
 26581 | D:15     | Found Icsinez's General Store.
 27167 | D:15     | Reached XP level 16. HP: 134/134 MP: 13/24
 27175 | D:15     | Found a staircase to the Depths.
 27447 | Swamp:1  | Entered Level 1 of the Swamp
 27533 | Swamp:1  | Identified the +0 pair of gloves "Ylihur" {Int+2}
 27682 | Swamp:1  | Reached skill level 15 in Fighting
 27774 | Swamp:1  | Reached skill level 17 in Ranged Weapons
 27903 | Swamp:1  | Noticed Jorgrun
 27914 | Swamp:1  | Killed Jorgrun
 27926 | Swamp:1  | Noticed Roxanne
 28114 | Swamp:1  | Killed Roxanne
 29165 | Swamp:2  | Identified the +10 great sword of Afoi {drain, rElec}
 29714 | Swamp:3  | Killed a tentacled monstrosity
 29978 | Swamp:3  | Paralysed by a fenstrider witch for 4 turns
 30161 | Swamp:3  | Reached XP level 17. HP: 53/145 MP: 22/26
 30965 | Swamp:4  | Entered Level 4 of the Swamp
 31135 | Swamp:4  | Reached skill level 18 in Ranged Weapons
 32099 | Swamp:4  | Got a decaying rune of Zot
 32366 | Snake:1  | Entered Level 1 of the Snake Pit
 32415 | Snake:1  | Found a broken altar of Ashenzari.
 33021 | Snake:2  | Noticed Aizul
 33021 | Snake:2  | Found Hopnul's Book Shop.
 33052 | Snake:2  | You fall into a shaft and drop 1 floor!
 33901 | Snake:2  | Reached XP level 18. HP: 155/155 MP: 28/28
 34211 | Snake:2  | Killed Aizul
 34575 | Snake:4  | Entered Level 4 of the Snake Pit
 34619 | Snake:4  | Reached skill level 19 in Ranged Weapons
 34878 | Snake:4  | Found a runed translucent door.
 34878 | Snake:4  | Noticed jotwebe's ghost (adept DsAr)
 35377 | Snake:4  | Found Pafup's Magic Scroll Boutique.
 35388 | Snake:4  | Bought a scroll of enchant armour for 82 gold pieces
 35388 | Snake:4  | Bought a scroll of teleportation for 33 gold pieces
 35388 | Snake:4  | Bought a scroll of teleportation for 33 gold pieces
 35388 | Snake:4  | Bought a scroll of butterflies for 44 gold pieces
 35388 | Snake:4  | Bought 2 scrolls of fear for 88 gold pieces
 35388 | Snake:4  | Bought a scroll of poison for 44 gold pieces
 35388 | Snake:4  | Bought a scroll of immolation for 44 gold pieces
 35891 | Snake:4  | Got a serpentine rune of Zot
 36345 | Elf:1    | Entered Level 1 of the Elven Halls
 36566 | Elf:1    | Got the Writings on Assembling
 37537 | Elf:1    | Noticed a Hell Sentinel
 37823 | Elf:2    | Found a shimmering blue altar of Sif Muna.
 37936 | Elf:2    | Reached XP level 19. HP: 163/163 MP: 29/29
 38153 | Elf:2    | HP: 8/164 [+2 glaive of protection (28)]
 38153 | Elf:2    | Slain by a deep elf knight

Illustrated notes

Levels and vault maps discovered:
D:1:      tarquinn_simple_flora_water_e, layout_loops_ring, minivault_11,
          columned_hall_lemuel
D:2:      layout_rooms, serial_shops, nicolae_shop_hallway_stairs,
          hellmonk_ecumenical_altar_dog_temple, kennysheep_potato
D:3:      layout_basic
D:4:      layout_cave_pools, evilmike_ruin_ashenzari, minitemple,
          minmay_splitting_lines, guppyfry_early_orc_mine, uniq_pikel,
          uniq_sigmund
D:5:      lemuel_ratsnest, layout_layer_cave, marbit_many_paths,
          minmay_temple_entry_waves, serial_undead, serial_undead_f,
          serial_undead_a, serial_undead_d, serial_undead_e, serial_undead_f,
          serial_undead_c
D:6:      layout_rooms
D:7:      layout_basic, mainiacjoe_overflow_paths, mainiacjoe_overflow_24_doors,
          kennysheep_generic_room_2
D:8:      layout_basic, grunt_lair_entry_orc_guard_hut, corexii_corridor_pit,
          uniq_psyche, uniq_gastronok
D:9:      layout_stronghold, elyvilon_altar_4
D:10:     layout_long_grid, tgw_kikubaaqudgha, david_orc_4, minmay_between,
          uniq_maurice
D:11:     layout_cross, nrook_mini_backslash, chequers_serial_rivers_large_a
D:12:     minmay_connected_boxes_in_corner, layout_cave_pools
D:13:     minmay_recursive_quarters, layout_basic, serial_shops, shop,
          enter_trove_1
D:14:     layout_loops_cross, hangedman_vaults_entry_quadrant_bands,
          hellmonk_okawaru_the_only_friend_you_need, nzn_wu_jian_contemplation
D:15:     grunt_enter_depths_hoard, layout_cave_pools, serial_park_paths
          [serial_park_minivault_5x5_1], nicolae_specific_store
Temple:   nicolae_temple_ecumenical_triangle
Lair:1:   gammafunk_indiana_jones, layout_cave_shapes,
          grunt_forest_large_clearing_hut
Lair:2:   layout_regular_city, minmay_snake_entry_six_corridors, minivault_27,
          beast_lair_carwin_10, lemuel_fruit_fields
Lair:3:   layout_regular_city, minmay_swamp_entry_worms,
          nicolae_lair_lakeside_cave, uniq_josephine, uniq_snorg, uniq_nessos
Lair:4:   layout_hall_layers, gauntlet_entry_generic
Lair:5:   minmay_lair_end_enchanted_forest, layout_regular_city,
          minmay_slime_entry_eyes, grunt_megastairs_5, lemuel_fruit_tree,
          infiniplex_staircase_pool
Swamp:1:  layout_basic_swamp, evilmike_swamp_ruin_house_6,
          infiniplex_staircase_pool_2, uniq_roxanne, uniq_jorgrun
Swamp:2:  nicolae_swamp_flooded_prison, layout_basic_swamp,
          hangedman_swamp_blocks, swamp_pool5, cheibrodos_swamp_pet_leeches
Swamp:3:  nzn_winding_woodlands_cross [nzn_winding_woodlands_5x15_eye,
          nzn_winding_woodlands_5x15_default,
          nzn_winding_woodlands_5x15_lazy_stream,
          nzn_winding_woodlands_5x15_parted,
          nzn_winding_woodlands_15x15_killbox], layout_basic_swamp, swamp_pool4
Swamp:4:  swamp, layout_basic_swamp
Snake:1:  layout_rooms, basic_altar
Snake:2:  nicolae_sea_snake_s, layout_layer_cave, serial_shops,
          nicolae_stop_n_shop_1, uniq_aizul
Snake:3:  layout_misc_corridors
Snake:4:  johnstein_snake_rune_scales, layout_onion_interference,
          hellmonk_ghost_happy_afterlife, serial_shops, nicolae_shop_trees
Orc:1:    layout_diamond_mine, serial_shops, shop, rock_pile
Orc:2:    kennysheep_orc_mage_school, layout_caves, mines2_david
Elf:1:    eino_elf_arrival_sip, layout_gridlike, special_room
          [special_room_orc], minmay_elf_demonology, nicolae_elf_deep_friendship
Elf:2:    nicolae_elf_blades_crystal_corner, layout_geoelf_octagon, basic_altar,
          uniq_azrael

Skill      XL: |  1  2  3  4  5  6  7  8  9 10 11 12 13 14 15 16 17 18 |
---------------+-------------------------------------------------------+-----
Stealth        | 1 2 3 |  3.3
Ranged Weapons | 4 5 6 7 9 10 11 12 13 14 15 16 17 18 19 | 19.9
Fighting       | 3 5 6 8 9 10 12 14 16 17 18 | 18.4
Dodging        | 2 4 5 6 7 8 9 10 11 12 13 | 13.4
Invocations    | 1 3 5 6 8 9 10 11 12 13 14 | 14.3

Action                   |  1- 3 |  4- 6 |  7- 9 | 10-12 | 13-15 | 16-18 | 19-21 || total
-------------------------+-------+-------+-------+-------+-------+-------+-------++-------
 Fire: Shortbow          |   115 |   167 |   655 |   921 |  1634 |    17 |       ||  3509
       Longbow           |       |       |       |       |   388 |  1010 |       ||  1398
       Arbalest          |       |       |       |       |       |   783 |    45 ||   828
Throw: Dart              |       |       |     3 |     2 |    16 |       |       ||    21
       Boomerang         |       |       |       |     6 |       |       |       ||     6
Invok: Wall of Briars    |       |       |    17 |    39 |    75 |    89 |     7 ||   227
       Grow Ballistomyce |       |       |       |     3 |     7 |     4 |     1 ||    15
       Grow Oklob        |       |       |       |       |       |     1 |       ||     1
Evoke: Wand              |       |       |     1 |    10 |    25 |    22 |       ||    58
       Phantom mirror    |       |       |       |     1 |     2 |       |       ||     3
       Phial of floods   |       |       |       |     1 |       |       |       ||     1
       Tin of tremorston |       |       |       |       |     1 |       |       ||     1
  Use: Scroll            |       |     6 |     7 |    10 |    11 |    15 |     2 ||    51
Armor: Leather armour    |    10 |    12 |    41 |    10 |       |       |       ||    73
       Troll leather arm |       |       |       |    45 |    80 |    85 |     1 ||   211
Dodge: Dodged            |    23 |    57 |   309 |   329 |   373 |   582 |    19 ||  1692
Block: Other             |       |       |       |    51 |    99 |   112 |     1 ||   263
       Reflection        |       |       |       |       |    11 |    15 |       ||    26

Table legend: (Time is in decaauts)
 A = Elapsed time spent in this place.
 B = Non-inter-level travel time spent in this place.
 C = Inter-level travel time spent in this place.
 D = Time resting spent in this place.
 E = Time spent auto-exploring this place.
 F = Levels seen in this place.
 G = Mean time per level.
                   A        B        C        D        E       F      G
               +--------+--------+--------+--------+--------+-----+--------+
         Total |  38307 |  35338 |   2969 |   5419 |   9980 |  34 | 1126.7 |
       Dungeon |  18815 |  16991 |   1824 |   3441 |   4937 |  15 | 1254.3 |
        Temple |     38 |     38 |      0 |      0 |      0 |   1 |   38.0 |
          Lair |   6851 |   6369 |    482 |    501 |   2220 |   5 | 1370.2 |
         Swamp |   5072 |   4804 |    268 |    849 |   1506 |   4 | 1268.0 |
     Snake Pit |   3796 |   3604 |    192 |    357 |    952 |   4 |  949.0 |
  Orcish Mines |   1330 |   1165 |    165 |    112 |     65 |   2 |  665.0 |
   Elven Halls |   1837 |   1802 |     35 |     85 |    299 |   2 |  918.5 |
      Gauntlet |    564 |    564 |      0 |     72 |      0 |   1 |  564.0 |
               +--------+--------+--------+--------+--------+-----+--------+

Top non-repeatable levels by time:
     D:5: 2674 daAuts
    D:10: 2112 daAuts
     D:7: 2089 daAuts
     D:8: 1760 daAuts
  Lair:3: 1732 daAuts
  Lair:5: 1699 daAuts
 Swamp:2: 1631 daAuts
 Swamp:3: 1599 daAuts
 Snake:4: 1533 daAuts
     D:9: 1442 daAuts
   Elf:1: 1421 daAuts
  Lair:2: 1312 daAuts
  Lair:1: 1297 daAuts
    D:13: 1141 daAuts
    D:14: 1131 daAuts
